[Event "Early-Titled-Tuesday-Blitz-April-16-2024"]
[Site "Chess.com"]
[Date "2024.04.16"]
[Round "6"]
[White "VacheH009"]
[Black "Flaccidmoves"]
[Result "1-0"]
[WhiteElo "2627"]
[BlackElo "2415"]
[TimeControl "180+1"]
[EndTime "9:08:00 PDT"]
[Termination "VacheH009 won by resignation"]

1. e4 e6 2. d4 d5 3. Nd2 c5 4.
exd5 exd5 5. Ngf3 Nf6 6. Qe2+ Be7 7. dxc5 O-O 8. Nb3 Re8 9. Be3 Ng4 10. O-O-O Nxe3 11. Qxe3 a5 12. Bb5 Nc6 13. a4 Bf5 14. Rhe1 Qd7 15. Qf4 Bf6 16. Nbd4 Be4 17. Nxc6 bxc6 18.
Rxe4 cxb5 19. Rxe8+ Rxe8 20. Qd6 Qg4 21. Qc6 Rb8 22. Qc7 Rd8 23. Qxa5 b4 24. c6 h5 25. Rxd5 Qf4+ 26. Kb1 Rc8 27. Rc5 b3 28. Qd2 bxc2+ 29.
Qxc2 h4 30. h3 Qe4 31. Qxe4 1-0

[Event "Early-Titled-Tuesday-Blitz-April-16-2024"]
[Site "Chess.com"]
[Date "2024.04.16"]
[Round "6"]
[White "bylavochka"]
[Black "HaryKane"]
[Result "0-1"]
[WhiteElo "2356"]
[BlackElo "2537"]
[TimeControl "180+1"]
[EndTime "9:08:00 PDT"]
[Termination "HaryKane won on time"]

1. e4 e6 2. d4 d5 3. Bd3 dxe4 4. Bxe4 Nd7 5. Ne2 Ngf6 6. Bf3 c5 7. Be3 Qb6 8. Qc1 Nd5 9. Bxd5 exd5 10. O-O Bd6 11.
Nbc3 O-O 12. Nxd5 Qc6 13. Ndc3 Nf6 14. dxc5 Bxc5 15. Bxc5 Qxc5 16. Ng3 Be6 17. Re1 Rac8 18. h3 b5 19. a3 a5 20. Qf4 b4 21. Re5 Qc7 22. axb4 axb4 23. Nb5 Qxc2 24. Qxb4 Rc4 25. Qa3 h6 26. Nc3 Rb8 27. Ra2 Rxc3 28. Qxc3 Qxc3 29.
bxc3 Bxa2 30. Nf5 Be6 31. Ne7+ Kf8 32. Nc6 Rc8 33. Rc5 Nd7 0-1

[Event "Early-Titled-Tuesday-Blitz-April-16-2024"]
[Site "Chess.com"]
[Date "2024.04.16"]
[Round "6"]
[White "JaackCamel"]
[Black "cansun"]
[Result "1-0"]
[WhiteElo "2234"]
[BlackElo "2381"]
[TimeControl "180+1"]
[EndTime "9:08:00 PDT"]
[Termination "JaackCamel won on time"]

1. d4 Nf6 2. c4 e6 3. Nc3 Bb4 4. Qc2 O-O 5. a3 Bxc3+ 6. Qxc3 b6 7. Nf3 Bb7 8. Bg5 d5 9. e3 Nbd7 10. cxd5 exd5 11. Bd3 h6 12. Bh4 c5 13. O-O Qe8 14.
dxc5 bxc5 15. Bxf6 Nxf6 16. Qxc5 Qc8 17. Rfc1 Qxc5 18.
Rxc5 Rfc8 19. Rac1 Nd7 20. Rc7 Rxc7 21. Rxc7 Bc8 22.
Bb5 Nf6 23. Nd4 a6 24. Bc6 Rb8 25. b4 Kf8 26. Kf1 Ne8 27. Bxe8 Kxe8 28. Ke2 Bd7 29. Kd3 a5 30. Kc3 axb4+ 31. axb4 Ra8 32. b5 Ra1 33. b6 Rc1+ 34. Kb4 Rb1+ 35. Kc5 Ke7 36. b7 Rc1+ 37.
Kb6 Rb1+ 38. Ka7 Ra1+ 39. Kb8 Rb1 40. Nc6+ Kd6 41. Nd8 Ke7 42. Nc6+ Kd6 43. Na7 g5 44. Rc2 f5 45. Ka8 1-0

[Event "Early-Titled-Tuesday-Blitz-April-16-2024"]
[Site "Chess.com"]
[Date "2024.04.16"]
[Round "6"]
[White "Zarinur"]
[Black "Karttunen"]
[Result "0-1"]
[WhiteElo "2505"]
[BlackElo "2688"]
[TimeControl "180+1"]
[EndTime "9:08:01 PDT"]
[Termination "Karttunen won by checkmate"]

1. e4 c5 2. Nf3 d6 3. Bb5+ Bd7 4. Bxd7+ Qxd7 5. c4 e5 6. Nc3 Ne7 7. O-O Nbc6 8. d3 h6 9. Ne1 g6 10. Nc2 Bg7 11.
Ne3 O-O 12. Ned5 Nxd5 13. Nxd5 f5 14. f3 g5 15. exf5 Rxf5 16. Be3 Raf8 17. Qe2 Ne7 18.
Nc3 b6 19. Rab1 d5 20. cxd5 Nxd5 21. Ne4 Nf4 22. Bxf4 exf4 23. b4 cxb4 24. Rxb4 Rd5 25. Rd1 Rd8 26. Rb3 Kh8 27. Kh1 Rc8 28. Re1 Qc6 29.
h4 gxh4 30. Nf2 Re5 31. Ne4 Qd7 32. Qd2 h3 33. Qxf4 hxg2+ 34. Kxg2 Rc2+ 35. Kg1 Qh3 36. Qg4 Qh2+ 37. Kf1 Qh1+ 38. Qg1 Qh3+ 39. Qg2 Qxg2# 0-1

[Event "Early-Titled-Tuesday-Blitz-April-16-2024"]
[Site "Chess.com"]
[Date "2024.04.16"]
[Round "6"]
[White "JAN2404"]
[Black "Iunusovnuriddin"]
[Result "0-1"]
[WhiteElo "1922"]
[BlackElo "2339"]
[TimeControl "180+1"]
[EndTime "9:08:01 PDT"]
[Termination "Iunusovnuriddin won on time"]

1. e4 e5 2. Nc3 Nf6 3. Bc4 Nc6 4.
d3 Be7 5. f4 exf4 6. Bxf4 d6 7.
Nf3 O-O 8. Qd2 Na5 9. Bb3 Nxb3 10. axb3 h6 11. O-O Be6 12. e5 dxe5 13. Nxe5 a6 14.
Kh1 Nd5 15. Nxd5 Qxd5 16. Ra5 c5 17. Ra4 b5 18. Re4 Rad8 19. Qe2 Bf5 20. Re3 Bf6 21. Bg3 Bh7 22. h3 Rfe8 23. Re1 Re7 24. Ng4 Rxe3 25. Nxf6+ gxf6 26. Qxe3 Kg7 27. Bf4 Qh5 28. Qg3+ Qg6 29. Qxg6+ Bxg6 30. Re7 c4 31. bxc4 bxc4 32. dxc4 Bxc2 33.
Kh2 Rb8 34. Ra7 Rb6 35. Be3 Rxb2 36. c5 Be4 0-1

[Event "Early-Titled-Tuesday-Blitz-April-16-2024"]
[Site "Chess.com"]
[Date "2024.04.16"]
[Round "6"]
[White "Aygehovit1992"]
[Black "Vasily_IM"]
[Result "1-0"]
[WhiteElo "2732"]
[BlackElo "2567"]
[TimeControl "180+1"]
[EndTime "9:08:02 PDT"]
[Termination "Aygehovit1992 won by resignation"]

1. e4 e5 2. Nf3 Nf6 3. Nxe5 d6 4. Nf3 Nxe4 5. Qe2 Qe7 6. d3 Nf6 7. Bg5 Qxe2+ 8. Bxe2 Be7 9. Nc3 c6 10. O-O-O Na6 11. Rde1 Nc7 12. d4 Be6 13. h3 Kd7 14. Bd3 h6 15. Bd2 Rhe8 16. g4 Ncd5 17. Ne2 b5 18. Ng3 Nb6 19. Rhf1 Bc4 20. Bxc4 Nxc4 21. Nf5 Bf8 22. Bf4 Nd5 23. Bg3 g6 24. N5h4 Be7 25.
Ng2 Bf6 26. b3 Ncb6 27. Nf4 Nxf4 28. Bxf4 Nd5 29. Bxh6 Rh8 30. g5 Be7 31. Kd2 Bf8 32.
Bxf8 Raxf8 33. h4 Ne7 34. Re4 Nf5 35. Rf4 Rh5 36. c4 a6 37. d5 cxd5 38. cxd5 Rc8 39. Rc1 Rhh8 40. Rxc8 Rxc8 41. Nd4 Nxd4 42. Rxd4 Re8 43. Rf4 Re7 44. Rf6 Kc7 45. f4 Kb6 46. Rxd6+ Kc5 47. Rxa6 Kxd5 48. Rf6 Ke4 49. Kc3 Ra7 50.
Kb4 Rxa2 51. Rxf7 Rh2 52. Kxb5 Rxh4 53. b4 Rxf4 54. Rxf4+ Kxf4 55. Kc6 1-0

[Event "Early-Titled-Tuesday-Blitz-April-16-2024"]
[Site "Chess.com"]
[Date "2024.04.16"]
[Round "6"]
[White "lioni26"]
[Black "Caradhrast"]
[Result "0-1"]
[WhiteElo "2547"]
[BlackElo "2668"]
[TimeControl "180+1"]
[EndTime "9:08:02 PDT"]
[Termination "Caradhrast won by resignation"]

1. e4 c6 2. d4 d5 3. e5 Bf5 4. h4 Qb6 5. g4 Bd7 6. c3 h5 7.
gxh5 Bf5 8. Ne2 Bg4 9. Qb3 Qxb3 10. axb3 e6 11. Ng3 Bxh5 12. Nxh5 Rxh5 13. Be2 Rh8 14. h5 Nh6 15. Nd2 Nd7 16. Nf1 Nf5 17. Ng3 Nxg3 18. fxg3 Be7 19. Be3 a6 20. b4 O-O-O 21.
Kd2 Rdf8 22. Raf1 f5 23. g4 Nb6 24. b3 Kd7 25. Rhg1 fxg4 26. Bxg4 Rxf1 27. Rxf1 Rf8 28.
Rg1 Rf7 29. Be2 Bf8 30. Rg6 Re7 31. Bg5 Re8 32. Bg4 Nc8 33. Kd3 b5 34. Bh4 Nb6 35.
Bh3 Na8 36. c4 bxc4+ 37. bxc4 dxc4+ 38. Kxc4 Nc7 39. Bg5 Nd5 40. Bd2 Re7 41. Rg1 Rf7 42.
Rg6 Nc7 43. Bg2 Rf2 44. Be3 Rb2 45. Kd3 Rxb4 46. Ke4 Rb3 47. Bh3 a5 48. Rg2 a4 49.
Ra2 a3 50. Bf1 Rb2 51. Rxa3 Bxa3 0-1

[Event "Early-Titled-Tuesday-Blitz-April-16-2024"]
[Site "Chess.com"]
[Date "2024.04.16"]
[Round "6"]
[White "Payyappat"]
[Black "Boundless_Strike"]
[Result "1-0"]
[WhiteElo "2545"]
[BlackElo "2637"]
[TimeControl "180+1"]
[EndTime "9:08:02 PDT"]
[Termination "Payyappat won by checkmate"]

1. e4 e5 2. Nf3 d5 3. exd5 e4 4. Qe2 Nf6 5. d3 Qxd5 6. Nbd2 Nc6 7. Nxe4 Be6 8. Nxf6+ gxf6 9. Be3 O-O-O 10. g3 Bg4 11. Bg2 Kb8 12. O-O Bc5 13. h3 Bh5 14. g4 Bg6 15. b4 Bxe3 16. fxe3 h5 17. Nh2 Qd6 18. Qf3 Rde8 19. b5 Nd8 20. e4 Qe5 21. Qxf6 Qc5+ 22. Qf2 Qc3 23. Rab1 Ne6 24. Rb3 Qe5 25. Ra3 b6 26. c3 Qg5 27. d4 hxg4 28. Nxg4 Rd8 29. Qf3 f5 30. exf5 Kc8 31. fxe6 c6 32. Qxc6+ Kb8 33.
Qb7# 1-0

[Event "Early-Titled-Tuesday-Blitz-April-16-2024"]
[Site "Chess.com"]
[Date "2024.04.16"]
[Round "6"]
[White "JoliyRoger"]
[Black "GelmanAlexander"]
[Result "0-1"]
[WhiteElo "2421"]
[BlackElo "2665"]
[TimeControl "180+1"]
[EndTime "9:08:02 PDT"]
[Termination "GelmanAlexander won on time"]

1. d4 Nf6 2. c4 c5 3. d5 b5 4. cxb5 a6 5. e3 e6 6. dxe6 fxe6 7. Nf3 Be7 8. Nc3 O-O 9. Be2 d5 10. O-O Bb7 11. a4 axb5 12. Nxb5 Nc6 13. b3 Ne4 14.
Ba3 Rc8 15. Rc1 Nb4 16. Nd2 Nf6 17. Nf3 Ne4 18. Nd2 Nf6 19. Bf3 Nd3 20. Rc3 Ne5 21. Qc1 Nxf3+ 22. Nxf3 Ne4 23. Rc2 Rxf3 24. gxf3 Ng5 25. Kg2 d4 26. e4 Qf8 27. Qd1 e5 28. Rg1 Rc6 29. Kf1 Nxf3 30. Rg2 Qf4 31. Na7 Rg6 32.
Rxg6 hxg6 33. Bxc5 Bh4 0-1

[Event "Early-Titled-Tuesday-Blitz-April-16-2024"]
[Site "Chess.com"]
[Date "2024.04.16"]
[Round "6"]
[White "Herzog2012"]
[Black "Shuvalov"]
[Result "1-0"]
[WhiteElo "2542"]
[BlackElo "2630"]
[TimeControl "180+1"]
[EndTime "9:08:04 PDT"]
[Termination "Herzog2012 won by checkmate"]

1. e4 e6 2. d4 d5 3. Nd2 c5 4.
exd5 exd5 5. Bb5+ Nc6 6. Ngf3 Qe7+ 7. Qe2 Qxe2+ 8. Kxe2 a6 9. Bxc6+ bxc6 10. dxc5 Bxc5 11. Nb3 Bd6 12. Be3 Nf6 13. Bc5 Kd7 14. Bxd6 Kxd6 15.
c4 a5 16. Rhd1 a4 17. Nbd4 Bd7 18. cxd5 cxd5 19. Rac1 Rhc8 20. b3 a3 21. Nd2 Ng4 22.
N2f3 Re8+ 23. Kf1 Nf6 24. Nd2 Ng4 25. h3 Ne5 26. Nb1 g5 27. Nc3 Rab8 28. Nf3 Bc6 29. Nxg5 Rg8 30. f4 Nd7 31. Nxf7+ Ke7 32. Ng5 Rbf8 33. Nxd5+ Bxd5 34. Rxd5 Rxf4+ 35. Kg1 h6 36. Re1+ Kf6 37. Re6+ Kg7 38. Rxd7+ Kf8 39. Nh7# 1-0

[Event "Early-Titled-Tuesday-Blitz-April-16-2024"]
[Site "Chess.com"]
[Date "2024.04.16"]
[Round "6"]
[White "SahibSinghKnight"]
[Black "Slovineanu"]
[Result "1-0"]
[WhiteElo "2634"]
[BlackElo "2506"]
[TimeControl "180+1"]
[EndTime "9:08:04 PDT"]
[Termination "SahibSinghKnight won by resignation"]

1. e4 c6 2. d4 d5 3. e5 Bf5 4. Nf3 e6 5. Be2 Nd7 6. O-O a6 7. a4 h6 8. a5 Ne7 9. c3 c5 10. Nbd2 Nc6 11. dxc5 Bxc5 12. Nb3 O-O 13. Nxc5 Nxc5 14.
Be3 Nd7 15. Nd4 Ndxe5 16. Nxf5 exf5 17. Qa4 Qf6 18. Rad1 Rad8 19. Bb6 Rd7 20. Rd2 Re8 21.
Rfd1 Qe6 22. h3 Ne7 23. c4 Rc8 24. b3 N5g6 25. Bf3 Nf4 26. Be3 Nfg6 27. cxd5 Qd6 28. b4 f4 29. Bc5 Rxc5 30. bxc5 Qxc5 31. Qxd7 Ne5 32. Qe8+ Kh7 33. Be4+ f5 34. Bxf5+ 1-0

[Event "Early-Titled-Tuesday-Blitz-April-16-2024"]
[Site "Chess.com"]
[Date "2024.04.16"]
[Round "6"]
[White "ploxoi"]
[Black "Devil_Sun"]
[Result "0-1"]
[WhiteElo "2413"]
[BlackElo "2624"]
[TimeControl "180+1"]
[EndTime "9:08:05 PDT"]
[Termination "Devil_Sun won by resignation"]

1. d4 Nf6 2. c4 e6 3. g3 d5 4. Nf3 Bb4+ 5. Bd2 Be7 6. Bg2 O-O 7.
O-O c6 8. Qc2 Nbd7 9. Rd1 b6 10. Bf4 Bb7 11. Nc3 Rc8 12. e4 dxe4 13. Nxe4 Nxe4 14. Qxe4 Nf6 15. Qe2 h6 16. a3 Bd6 17. Ne5 Qe7 18. b4 c5 19. Bxb7 Qxb7 20. dxc5 Bxe5 21. Bxe5 bxc5 22. Bd6 Rfe8 23. Bxc5 Ne4 24.
Bd4 Ng5 25. f3 Nxf3+ 26. Kf2 Ng5 27. Rac1 e5 28. Bb2 Nh3+ 29. Ke1 Rcd8 30. Rxd8 Rxd8 31. Rd1 Qh1+ 32. Qf1 Rxd1+ 33. Kxd1 Qxf1+ 0-1

[Event "Early-Titled-Tuesday-Blitz-April-16-2024"]
[Site "Chess.com"]
[Date "2024.04.16"]
[Round "6"]
[White "vangulio"]
[Black "MarcoRiehle"]
[Result "0-1"]
[WhiteElo "2568"]
[BlackElo "2735"]
[TimeControl "180+1"]
[EndTime "9:08:06 PDT"]
[Termination "MarcoRiehle won by resignation"]

1. e4 e5 2. Nf3 Nf6 3. Nxe5 Nxe4 4. Qe2 Qe7 5. Qxe4 d6 6. d4 dxe5 7. dxe5 Nc6 8. Bf4 g5 9. Bg3 f5 10. Qd5 f4 11. Bb5 Bd7 12. O-O O-O-O 13. Re1 Nxe5 14. Nc3 Bg7 15. Ba6 Bc6 16. Rxe5 Bxe5 17. Qxc6 bxa6 18. Qxa6+ Kd7 19. Re1 Qd6 20. Qb5+ c6 21. Qxe5 Qxe5 22. Rxe5 fxg3 23. Rxg5 gxf2+ 24. Kxf2 Rhg8 25. Rh5 Rg7 26. Ne4 Kc7 27. g3 Re8 28. Rh4 Rge7 29. Kf3 Rf8+ 30. Ke3 a5 31. Kd3 Rd8+ 32. Kc3 Rd1 33. Rf4 Re1 34. Kd3 Rh1 35. h4 Kb6 36. Nc3 Rg1 37. Rg4 Rd7+ 38. Kc4 Rg2 39. Kb3 Ka6 40. Na4 Rb7+ 41.
Kc3 Rb4 42. Nc5+ Kb5 43. Ne4 Rc4+ 44. Kd3 Rcxc2 45. Nd6+ Kb6 46. Nc4+ Ka6 47. Ne3 Rgd2+ 48. Ke4 Rxb2 49. Nc4 Rb4 50. Ke3 Rxa2 51. Kd3 Ra3+ 52.
Kc2 Rxg3 53. Rxg3 Rxc4+ 54. Kb3 Rxh4 55. Rg7 Kb6 56. Re7 h5 57. Rh7 a4+ 58. Ka3 Kb5 59. Rb7+ Kc5 60. Rg7 Rh1 61. Rg5+ Kd6 62. Kxa4 h4 63.
Rh5 h3 64. Kb3 h2 65. Kb2 c5 66. Rh8 c4 67. Rh3 c3+ 68. Ka2 c2 0-1

[Event "Early-Titled-Tuesday-Blitz-April-16-2024"]
[Site "Chess.com"]
[Date "2024.04.16"]
[Round "6"]
[White "ValentunHulka"]
[Black "gurelediz"]
[Result "1/2-1/2"]
[WhiteElo "2800"]
[BlackElo "2946"]
[TimeControl "180+1"]
[EndTime "9:08:07 PDT"]
[Termination "Game drawn by repetition"]

1. c4 Nf6 2. g3 g6 3. Bg2 Bg7 4. d4 O-O 5. Nc3 d6 6. h3 Nc6 7. Nf3 e5 8. e3 exd4 9. exd4 Re8+ 10. Be3 Nh5 11. Qd2 Bh6 12. Nd1 Bd7 13. O-O Bg7 14. Nc3 Nf6 15. Kh2 Ne7 16. Bh6 Nf5 17. Bxg7 Kxg7 18. Rfe1 h5 19. Qf4 Rxe1 20. Rxe1 Qf8 21.
Nh4 Nxh4 22. Qxh4 Re8 23. Rxe8 Qxe8 24. Qf4 b6 25. Qe3 Qxe3 26. fxe3 c5 27. Kg1 Be6 28. b3 g5 29. Nb5 d5 30. cxd5 Bxd5 31. Nxa7 c4 32.
bxc4 Bxc4 33. a3 Bd5 34. Nc8 Bxg2 35. Kxg2 Nd7 36. g4 hxg4 37. hxg4 Kf6 38. Nd6 Ke6 39. Nf5 f6 40. Kf3 Kd5 41. Ne7+ Ke6 42. Nf5 Kd5 43. Ne7+ Ke6 44. Nf5 1/2-1/2

[Event "Early-Titled-Tuesday-Blitz-April-16-2024"]
[Site "Chess.com"]
[Date "2024.04.16"]
[Round "6"]
[White "jcibarra"]
[Black "Yeritsyaan"]
[Result "1-0"]
[WhiteElo "2950"]
[BlackElo "2658"]
[TimeControl "180+1"]
[EndTime "9:08:07 PDT"]
[Termination "jcibarra won by resignation"]

1. e4 c5 2. Nf3 d6 3. c3 Nf6 4. h3 g6 5. Bd3 Bg7 6. Bc2 O-O 7. O-O e5 8. d4 cxd4 9. cxd4 Nc6 10. Nc3 Re8 11. d5 Nb4 12. Ba4 Bd7 13. a3 Na6 14. b4 Rc8 15. Bd2 Rxc3 16. Bxc3 Nxe4 17. Bb2 f5 18.
Re1 Rf8 19. Rc1 Bh6 20. Bxd7 Qxd7 21. Rc2 Nc7 22. Bc1 Bg7 23. Be3 Nb5 24. Qd3 Nf6 25. Qb3 f4 26. Bd2 h6 27. a4 Nc7 28. Nxe5 dxe5 29. d6+ Qe6 30. Qxe6+ Nxe6 31. Rxe5 Nd4 32. Rc7 Ne8 33. Rxe8 Rxe8 34. d7 Rd8 35. Rxb7 a6 36. b5 axb5 37. Ba5 Rxd7 38. Rxd7 bxa4 39. Rxg7+ Kxg7 40. Bc3 Kf7 41. Bxd4 Ke6 42. Kf1 Kd5 43. Bg7 h5 44.
Ke2 Ke4 45. f3+ Kd5 46. Kd3 a3 47. h4 a2 48. Ba1 1-0

[Event "Early-Titled-Tuesday-Blitz-April-16-2024"]
[Site "Chess.com"]
[Date "2024.04.16"]
[Round "6"]
[White "AlainBruxelles"]
[Black "Nutflush"]
[Result "1-0"]
[WhiteElo "2346"]
[BlackElo "2132"]
[TimeControl "180+1"]
[EndTime "9:08:07 PDT"]
[Termination "AlainBruxelles won on time"]

1. e4 c5 2. Nf3 Nc6 3. Nc3 g6 4.
Bb5 Bg7 5. Bxc6 dxc6 6. O-O e5 7. h3 Qc7 8. d3 Nf6 9. Bg5 Nd7 10. Qd2 h6 11. Bh4 Nf8 12. Bg3 Ne6 13. Ne2 O-O 14.
Qc3 Nd4 15. Nexd4 cxd4 16. Qxd4 exd4 17. Bxc7 Be6 18. Bg3 c5 19. b3 b5 20. Bd6 Rfc8 21. Rab1 c4 22. bxc4 bxc4 23. a3 cxd3 24. cxd3 Rc3 25.
Rfd1 Rac8 26. Bb4 Rb3 27. Rxb3 Bxb3 28. Rd2 Rc1+ 29. Kh2 Ra1 30. Bc5 Ba4 31. Nxd4 Bxd4 32. Bxd4 Rxa3 33. Bf6 Bb5 34. d4 g5 35. d5 Rd3 36. Rc2 Kh7 37. g4 Kg6 38. e5 a6 39. Rc8 Rxd5 40. Rg8+ Kh7 41. Rg7+ Kh8 42. Rxf7+ Kg8 43. Ra7 Rd2 44. Kg3 Rd3+ 45. Kg2 Bc6+ 46. Kh2 Rd2 47. Rg7+ Kf8 48. Rc7 Rxf2+ 49. Kg1 Rc2 50.
e6 Be4 51. Rd7 1-0

[Event "Early-Titled-Tuesday-Blitz-April-16-2024"]
[Site "Chess.com"]
[Date "2024.04.16"]
[Round "6"]
[White "mokerslag"]
[Black "AlessiaSanteramo"]
[Result "1-0"]
[WhiteElo "2509"]
[BlackElo "2325"]
[TimeControl "180+1"]
[EndTime "9:08:08 PDT"]
[Termination "mokerslag won on time"]

1. e4 e5 2. Nf3 Nc6 3. Bc4 Nf6 4. Ng5 d5 5. exd5 Na5 6. Bb5+ Bd7 7. Qe2 Be7 8. Nc3 Bxb5 9. Qxb5+ c6 10. dxc6 Nxc6 11. Qxb7 Nd4 12. O-O Rb8 13. Qxa7 Nd7 14. Nge4 f5 15. Ng3 Nc5 16. Nd5 Rb7 17. Qa3 Qxd5 18. b4 Ne4 19. c4 Qd8 20. c5 Nxg3 21. hxg3 O-O 22. Re1 Kh8 23. Qc3 Bf6 24. Bb2 e4 25. Qc4 Qd7 26. Bc3 Nc6 27. Rab1 Ne5 28. Bxe5 Bxe5 29.
c6 Qc7 30. b5 Rb6 31. a4 Rfb8 32. a5 R6b7 33. b6 Qc8 34. Rb5 Bf6 35. Reb1 Rf7 36. Qxf7 1-0

[Event "Early-Titled-Tuesday-Blitz-April-16-2024"]
[Site "Chess.com"]
[Date "2024.04.16"]
[Round "6"]
[White "GeorgiosSouleidis"]
[Black "JonSnowNW1"]
[Result "1-0"]
[WhiteElo "2660"]
[BlackElo "2537"]
[TimeControl "180+1"]
[EndTime "9:08:09 PDT"]
[Termination "GeorgiosSouleidis won by resignation"]

1. e4 c5 2. Be2 d6 3. d3 g6 4. f4 Bg7 5. Nf3 Nc6 6. O-O e6 7. c3 Nge7 8. Be3 O-O 9. d4 b6 10. a3 Bb7 11. Nbd2 Rc8 12. Bd3 f5 13. e5 Nd5 14.
Qe2 Nxe3 15. Qxe3 d5 16. b4 c4 17. Bc2 a5 18. Ba4 axb4 19. axb4 Ra8 20. Rfb1 Qc7 21. Qe1 Ra7 22. Rb2 Rfa8 23. Rba2 b5 24. Bb3 cxb3 25.
Rxa7 Rxa7 26. Nxb3 Rxa1 27. Qxa1 Qb8 28. Nc5 Bc8 29.
Ng5 Qa7 30. Qf1 Qb6 31. Qa1 Qa7 32. Qf1 Qb8 33. Ngxe6 Bxe6 34. Nxe6 Bf8 35. Qf3 Ne7 36. Nc5 Qd8 37. Qd3 Qb8 38. Qf1 Qb6 39. Qa1 Nc6 40.
Qa8 Ne7 41. Qxf8+ Kxf8 42. Nd7+ Ke8 43. Nxb6 Nc6 44. Nxd5 Kd7 45. Nf6+ Ke6 46. d5+ Ke7 47.
dxc6 1-0

[Event "Early-Titled-Tuesday-Blitz-April-16-2024"]
[Site "Chess.com"]
[Date "2024.04.16"]
[Round "6"]
[White "aanshnerurkar"]
[Black "HeroWilczek"]
[Result "1-0"]
[WhiteElo "2437"]
[BlackElo "2587"]
[TimeControl "180+1"]
[EndTime "9:08:09 PDT"]
[Termination "aanshnerurkar won by resignation"]

1. e4 d5 2. exd5 Nf6 3. Nf3 Nxd5 4. d4 Bg4 5. c4 Nf6 6. Be2 e6 7. O-O Be7 8. Nc3 O-O 9. Bf4 c6 10. h3 Bh5 11. Qd2 Nbd7 12. Rad1 Qa5 13. d5 exd5 14.
cxd5 Bb4 15. dxc6 bxc6 16. Nd4 Bxe2 17. Qxe2 Bxc3 18. bxc3 Qxc3 19. Be3 Rfe8 20. Qf3 c5 21. Nb5 Ne5 22. Nxc3 Nxf3+ 23. gxf3 Rac8 24. Nb5 Re7 25. Nd6 Rc6 26. Ne4 h6 27. Nxf6+ Rxf6 28. Bxc5 Rc7 29.
Be3 Rxf3 30. Kg2 Rf5 31. Rc1 Rd7 32. Rfd1 Re7 33. Rc6 Ra5 34. Rd2 Kh7 35. Rc5 Ra4 36. Rc3 Re6 37. Rc7 Rg6+ 38. Kh2 f5 39. Rxa7 Rb4 40.
Rdd7 Rb1 41. Bd4 Rbg1 42. Rxg7+ Rxg7 43. Rxg7+ Rxg7 44. Bxg7 Kxg7 45. a4 Kf7 46. a5 1-0

[Event "Early-Titled-Tuesday-Blitz-April-16-2024"]
[Site "Chess.com"]
[Date "2024.04.16"]
[Round "6"]
[White "AsselLesbekova"]
[Black "Alonmindlin"]
[Result "1-0"]
[WhiteElo "2435"]
[BlackElo "2668"]
[TimeControl "180+1"]
[EndTime "9:08:11 PDT"]
[Termination "AsselLesbekova won by resignation"]

1. e4 c5 2. Nf3 Nc6 3. Bb5 g6 4. O-O Bg7 5. Re1 Nf6 6. c3 O-O 7.
d4 cxd4 8. cxd4 d5 9. e5 Ne4 10. Bd3 Nb4 11. Bxe4 dxe4 12. Rxe4 Bf5 13. Re2 Nxa2 14.
Bd2 Qd5 15. b3 Bg4 16. Rxa2 Bxf3 17. gxf3 Qxf3 18. Re1 Qf5 19. Be3 Rfd8 20. Qe2 Rac8 21. Na3 Rc3 22. Rc1 Rxc1+ 23. Bxc1 Rxd4 24. Rd2 Rg4+ 25.
Kf1 Bxe5 26. Bb2 Re4 27. Rd8+ Kg7 28. Bxe5+ Rxe5 29. Qd2 f6 30. Rd3 Ra5 31. Nc2 Ra2 32.
Rc3 b5 33. Qe2 Kf7 34. Rc7 Qe6 35. Qxe6+ Kxe6 36. Nd4+ Kd5 37. Nxb5 Rb2 38. Nxa7 e5 39. Rb7 e4 40. b4 f5 41. b5 f4 42. Rxh7 e3 43. fxe3 fxe3 44. h4 Ke4 45. Re7+ Kf4 46. Rf7+ Kg4 47. Rf6 Kxh4 48. Rxg6 Kh5 49. Re6 Rb3 50.
Ke2 Kg4 51. Rxe3 Rb2+ 52. Kd3 Kf5 53. Kc4 Ra2 54. b6 Kf4 55. Rb3 1-0

[Event "Early-Titled-Tuesday-Blitz-April-16-2024"]
[Site "Chess.com"]
[Date "2024.04.16"]
[Round "6"]
[White "FairChess_on_YouTube"]
[Black "superchess02"]
[Result "1-0"]
[WhiteElo "3095"]
[BlackElo "2902"]
[TimeControl "180+1"]
[EndTime "9:08:12 PDT"]
[Termination "FairChess_on_YouTube won on time"]

1. c4 Nf6 2. Nc3 e5 3. Nf3 Nc6 4. e4 Bb4 5. d3 d6 6. a3 Bc5 7. b4 Bb6 8. Na4 Bg4 9. Nxb6 axb6 10. Bb2 O-O 11. Be2 Nh5 12. g3 Nf6 13. h3 Be6 14.
Kf1 Ne7 15. Kg2 Qd7 16. d4 Nxe4 17. dxe5 d5 18. Rc1 c5 19. bxc5 bxc5 20. Bd3 Qc6 21. Qe2 Ra4 22. Rhe1 b5 23. cxd5 Bxd5 24. Bxb5 Qb7 25.
Bxa4 Ng5 26. Rc3 Nxf3 27. Rxf3 Bxf3+ 28. Qxf3 Qxb2 29. Bb3 Ng6 30. e6 fxe6 31. Rxe6 Kh8 32. Qe3 Qxa3 33. h4 Qa8+ 34. f3 c4 35. Bxc4 Qc8 36.
Bd3 Qd8 37. h5 1-0

[Event "Early-Titled-Tuesday-Blitz-April-16-2024"]
[Site "Chess.com"]
[Date "2024.04.16"]
[Round "6"]
[White "RobertoJBM"]
[Black "SashaKuzhilniy"]
[Result "1-0"]
[WhiteElo "2901"]
[BlackElo "2642"]
[TimeControl "180+1"]
[EndTime "9:08:13 PDT"]
[Termination "RobertoJBM won by checkmate"]

1. d4 d5 2. Nf3 Nf6 3. e3 e6 4. Bd3 c5 5. c3 Nc6 6. Nbd2 Be7 7. O-O O-O 8. dxc5 Bxc5 9. e4 dxe4 10. Nxe4 Nxe4 11. Bxe4 h6 12. Qe2 Bd7 13. Rd1 Qe7 14. Bf4 Rfd8 15. b4 Bb6 16. Bd6 Qe8 17. Ne5 Nxe5 18.
Bxe5 Bc6 19. c4 Rxd1+ 20. Rxd1 Rd8 21. Rxd8 Qxd8 22. Bxc6 bxc6 23. c5 Bc7 24. Bxc7 Qxc7 25. g3 Qd7 26. Qe4 Kf8 27. Kg2 Qd5 28. Qxd5 cxd5 29. f4 f6 30. Kf3 Ke7 31. b5 e5 32.
a4 h5 33. h3 Kd7 34. a5 Kc7 35. a6 Kb8 36. b6 axb6 37. cxb6 Ka8 38. fxe5 fxe5 39.
Ke3 Kb8 40. Kd3 g5 41. g4 h4 42. Kc3 e4 43. Kd4 Ka8 44. Kxd5 e3 45. Kc6 e2 46. Kc7 e1=Q 47. b7+ Ka7 48. b8=Q+ Kxa6 49. Qb6# 1-0

[Event "Early-Titled-Tuesday-Blitz-April-16-2024"]
[Site "Chess.com"]
[Date "2024.04.16"]
[Round "6"]
[White "mapleaff"]
[Black "Rawnsdale"]
[Result "0-1"]
[WhiteElo "2279"]
[BlackElo "2492"]
[TimeControl "180+1"]
[EndTime "9:08:14 PDT"]
[Termination "Rawnsdale won by resignation"]

1. d4 d5 2. Bf4 Nf6 3. Nf3 Bf5 4.
c4 e6 5. Nc3 c5 6. e3 Nc6 7. cxd5 Nxd5 8. Nxd5 Qxd5 9. Qb3 Qxb3 10. axb3 cxd4 11. Nxd4 Bb4+ 12. Ke2 Nxd4+ 13. exd4 O-O 14.
Rc1 Rfd8 15. Be3 Be4 16. f3 Bc6 17. Kf2 Rd7 18. Be2 Rad8 19. Rhd1 Ba5 20. Bg5 f6 21. Be3 Bb6 22. Bc4 Kf7 23. Re1 Bd5 24. Bb5 Rd6 25. Bf4 e5 26. Be3 exd4 27. Bf4 d3+ 28. Kg3 Re6 29. Rxe6 Bxe6 30. Bd2 Bxb3 31. Rc3 Bc2 32. Ra3 a6 33. Bc4+ Kg6 34. Bb3 Bc5 35. Bxc2 Bxa3 36.
Bb1 Bxb2 37. Kf4 a5 38. Ke3 a4 39. Bxd3+ Kf7 40. Bc4+ Ke7 41. Bb4+ Kd7 42. Bb5+ Kc7 43. Bxa4 Rd4 44. Ba5+ b6 0-1

[Event "Early-Titled-Tuesday-Blitz-April-16-2024"]
[Site "Chess.com"]
[Date "2024.04.16"]
[Round "6"]
[White "Gabrielian_Artur"]
[Black "artin10862"]
[Result "1-0"]
[WhiteElo "2797"]
[BlackElo "2931"]
[TimeControl "180+1"]
[EndTime "9:08:15 PDT"]
[Termination "Gabrielian_Artur won on time"]

1. e4 e5 2. Nf3 Nc6 3. Bc4 Bc5 4. d3 Nf6 5. Bg5 h6 6. Bh4 d6 7. c3 a5 8. Nbd2 g5 9. Bg3 Qe7 10. O-O O-O 11. Kh1 Kg7 12. Bb5 Ba7 13. Bxc6 bxc6 14. d4 exd4 15. e5 Nh5 16. exd6 Nxg3+ 17. fxg3 cxd6 18. Nxd4 Bxd4 19. cxd4 Be6 20. Ne4 f5 21. Nc3 Qb7 22. d5 cxd5 23. Qd4+ Rf6 24. Rae1 Qb4 25. Qf2 Qc5 26. Qd2 Raf8 27. Ne2 Bc8 28. Nd4 Qb4 29. Qd1 R8f7 30. Rf2 Qb6 31. Rfe2 Ba6 32. Re7 Qxb2 33. h4 Qc3 34. Ne6+ Kg6 35. h5+ Kh7 36. Nd8 Rxe7 37. Rxe7+ Kh8 38. Qxd5 Qxg3 39. Re8+ 1-0